 Dungeon Crawl Stone Soup version 0.16.1-11-g651b585 (webtiles) character file.

9391 inmateoo the Frost Mage (level 11, -5/67 (71) HPs)
             Began as an Octopode Ice Elementalist on Apr 7, 2015.
             Was an Elder of Vehumet.
             Slain by a freezing wraith (9 damage)
             ... on level 2 of the Abyss.
             The game lasted 00:28:27 (11434 turns).

inmateoo the Frost Mage (OpIE)                     Turns: 11434, Time: 00:28:27

HP:   -5/67 (71)    AC:  3    Str:  5    XL:     11   Next: 45%
MP:   0/35          EV: 13    Int: 19    God:    Vehumet [****..]
Gold: 243           SH:  0    Dex: 11    Spells: 5 memorised, 10 levels left

rFire  . . .     SeeInvis +     r - +3 spear (venom)
rCold  . . .     Clarity  .     (no shield)
rNeg   . . .     SustAb   .     n - +2 hat
rPois  +         Gourm    .     u - amulet of guardian spirit
rElec  .         Spirit   +     m - ring of magical power
rCorr  .         Warding  .     o - ring of see invisible
rMut   .         Rnd*Tele +     v - ring of wizardry
MR     .....                    y - ring of ice
Stlth  +++.......               s - ring of fire
                                f - ring of poison resistance
                                (no ring)
                                (no ring)

@: confused, afraid, not resistant to hostile enchantments, fairly stealthy
A: almost no armour, amphibious, 8 rings, constrict 8, camouflage 1, blurry
vision 1, clumsy 1, dopey 1, teleportitis 1, weak 1, gelatinous body 1
a: Renounce Religion


You were on level 2 of the Abyss.
You worshipped Vehumet.
Vehumet was greatly pleased with you.
You were not hungry.

You visited 2 branches of the dungeon, and saw 10 of its levels.
You visited the Abyss 1 time.

You collected 543 gold pieces.
You spent 300 gold pieces at shops.

Inventory:

Hand weapons
 q - a +2 scythe of venom
 r - a +3 spear of venom (weapon)
Armour
 n - a +2 hat (worn)
Jewellery
 f - a ring of poison resistance (on tentacle)
 m - a ring of magical power (left tentacle)
 o - a ring of see invisible (right tentacle)
 s - a ring of fire (on tentacle)
 u - an amulet of guardian spirit (around mantle)
 v - a ring of wizardry (on tentacle)
 y - a ring of ice (on tentacle)
Magical devices
 e - a wand of paralysis (15)
 j - a wand of slowing (35)
 t - a wand of random effects (20)
 x - a wand of random effects (24)
Scrolls
 d - 2 scrolls of blinking
 g - 3 scrolls of amnesia
 p - 2 scrolls of teleportation
 C - 3 scrolls of remove curse
Potions
 w - a potion of resistance
Books
 a - a book of Enchantments

   Spells                             Type                      Level
   a - Tukima's Dance                 Hexes                        3
   b - Cause Fear                     Hexes                        4
   c - Silence                        Hexes/Air                    5
   d - Deflect Missiles               Charms/Air                   6
   e - Haste                          Charms                       6
   f - Discord                        Hexes                        8
 b - a book of Frost

   Spells                             Type                      Level
   a - Freeze                         Ice                          1
   b - Throw Frost                    Conjuration/Ice              2
   c - Ozocubu's Armour               Charms/Ice                   3
   d - Throw Icicle                   Conjuration/Ice              4
   e - Summon Ice Beast               Ice/Summoning                4
   f - Condensation Shield            Ice                          4
Comestibles
 c - 9 bread rations
 k - 2 fruits
 z - a beef jerky
 A - 7 slices of pizza


   Skills:
 - Level 5.0 Fighting
 + Level 3.8 Polearms
 - Level 4.0 Dodging
 + Level 10.5 Stealth
 + Level 7.0 Spellcasting
 + Level 6.6 Conjurations
 * Level 11.0 Ice Magic


You had 10 spell levels left.
You knew the following spells:

 Your Spells              Type           Power        Failure   Level  Hunger
a - Freeze                Ice            ####         1%          1    None
b - Throw Frost           Conj/Ice       #####.       1%          2    None
c - Ozocubu's Armour      Chrm/Ice       ####....     1%          3    #......
d - Throw Icicle          Conj/Ice       #####...     1%          4    ###....
e - Summon Ice Beast      Ice/Summ       ####....     4%          4    ###....


Dungeon Overview and Level Annotations

Branches:
Dungeon (9/15)             Temple (1/1) D:4
   Lair: D:8-11         Orc: D:9-12

Altars:
Ashenzari
Cheibriados
Dithmenos
Elyvilon
Fedhas
Gozag
Kikubaaqudgha
Makhleb
Nemelex Xobeh
Okawaru
Ru
Sif Muna
Trog
Vehumet
Xom
Yredelemnul
Zin
The Shining One

Shops:
D:5 (   D:7 =

Annotations:
D:3 Fanu's ghost, average OpTm
D:9 Erolcha


Innate Abilities, Weirdness & Mutations

You cannot wear most types of armour.
You are amphibious.
You can wear up to eight rings at the same time.
You can use your tentacles to constrict many enemies at once.
Your skin changes colour to match your surroundings (Stealth).
Your rubbery body absorbs attacks (AC +1).
Scrolls take you a little longer to read.
You are clumsy. (Dex -2)
You are dopey. (Int -2)
Space occasionally distorts in your vicinity.
You are weak. (Str -2)


Message History

The giant orange brain pulsates.
The freezing wraith closely misses you.
The freezing wraith completely misses you.
Wield which item (- for none, * to show all)? (? for menu, Esc to quit)
Okay, then.
Drink which item? (? for menu, Esc to quit)
You feel your intelligence returning.
The large abomination dissolves into shadows!
The ufetubus completely misses you. The ufetubus misses you.
The golden eye blinks at you.
You are more confused.
The small abomination hits you!!
* * * LOW HITPOINT WARNING * * *
The ufetubus closely misses you. The ufetubus misses you.
The golden eye blinks at you.
You are more confused.
The freezing wraith hits you!
* * * LOW HITPOINT WARNING * * *
The freezing wraith freezes you!
You die...

# . # #. .. .
##. . ##.# # #
#.#..###. .
.##..#.#. # #
.#....###### .#
##...#....#
#..#.##..GW.####
#... . ..#x@..##
# .#....G5.##.#
##..##._##...##
# ..#.xx#..#..#
#.....#....###
.# .....# ### #
## ## #....#
##.#.. # #.### #
###


You could see a giant orange brain, 2 ancient zymes, a freezing wraith, a small
abomination, a golden eye and an ufetubus.

Vanquished Creatures
  Grinder (D:5)
  Eustachio (D:4)
  Edmund (D:5)
  5 ice beasts
  2 orc warriors
  8 ogres
  A black bear (D:7)
  2 phantoms
  2 necrophages (D:5)
  2 centaurs
  Sigmund (D:3)
  Duvessa (D:4)
  5 giant frogs
  Blork the orc (D:9)
  2 jellies
  A scorpion (D:8)
  A water moccasin skeleton (D:5)
  Dowan (D:4)
  3 goliath beetles
  5 crimson imps
  A centaur zombie (D:7)
  A hound (D:8)
  A hell rat (D:8)
  A centaur skeleton (D:5)
  2 orc priests
  2 iguanas
  7 orc wizards
  3 worker ants
  A killer bee zombie (D:6)
  2 sheep (D:8)
  Ijyb (D:3)
  Jessica (D:3)
  2 hound zombies (D:5)
  4 gnolls
  A worker ant zombie (D:6)
  12 adders
  4 river rats (D:8)
  3 shadow imps
  2 giant mites
  2 worms
  A goliath beetle zombie (D:8)
  7 giant geckos
  17 orcs
  13 bats
  4 giant cockroaches
  19 goblins
  8 hobgoblins
  24 jackals
  7 quokkas
  2 ball pythons
  A giant gecko skeleton (D:4)
  3 giant newts
  9 kobolds
  32 rats
  3 rat zombies (D:8)
  2 ballistomycetes (D:6)
251 creatures vanquished.

Vanquished Creatures (collateral kills)
  An orange demon (Abyss:2)
  Prince Ribbit (D:7)
  A hog (D:8)
  A human (D:8)
  2 scorpions (D:8)
  A jelly (D:8)
  A giant frog zombie (D:9)
  2 orc priests (D:8)
  An orc wizard (D:8)
  A sheep (D:8)
  A killer bee zombie (D:7)
  A hound skeleton (D:8)
  An adder (D:9)
  4 river rats (D:8)
  5 orcs (D:8)
  9 rats (D:8)
33 creatures vanquished.

Vanquished Creatures (others)
  6 ice beasts
  A giant spore (D:6)
7 creatures vanquished.

Grand Total: 291 creatures vanquished

Notes
Turn   | Place    | Note
--------------------------------------------------------------
     0 | D:1      | inmateoo, the Octopode Ice Elementalist, began the quest for the Orb.
     0 | D:1      | Reached XP level 1. HP: 11/11 MP: 3/3
   272 | D:1      | Reached XP level 2. HP: 15/17 MP: 2/4
   276 | D:1      | Learned a level 2 spell: Throw Frost
   818 | D:2      | Reached XP level 3. HP: 2/21 MP: 0/6
  1323 | D:2      | Reached skill level 4 in Ice Magic
  1323 | D:2      | Reached XP level 4. HP: 24/27 MP: 1/8
  1612 | D:2      | Learned a level 3 spell: Ozocubu's Armour
  1909 | D:2      | Found a sacrificial altar of Ru.
  1909 | D:2      | Found an iron altar of Okawaru.
  2094 | D:3      | Noticed Ijyb
  2412 | D:3      | Reached XP level 5. HP: 14/31 MP: 6/10
  2586 | D:3      | Killed Ijyb
  3035 | D:3      | Noticed Jessica
  3044 | D:3      | Killed Jessica
  3218 | D:3      | Noticed Sigmund
  3279 | D:3      | Killed Sigmund
  3279 | D:3      | Reached skill level 5 in Ice Magic
  3279 | D:3      | Reached XP level 6. HP: 8/36 MP: 9/13
  3636 | D:3      | Noticed Fanu's ghost (average OpTm)
  3670 | D:4      | Learned a level 4 spell: Condensation Shield
  3701 | D:4      | Found a staircase to the Ecumenical Temple.
  3703 | D:4      | Noticed Duvessa
  3704 | D:4      | Noticed Dowan
  3729 | D:4      | Killed Duvessa
  3747 | D:4      | Killed Dowan
  3770 | Temple   | Entered the Ecumenical Temple
  3814 | Temple   | Became a worshipper of Vehumet
  3907 | D:4      | Reached skill level 5 in Stealth
  3907 | D:4      | Reached XP level 7. HP: 41/41 MP: 13/15
  4733 | D:4      | Learned a level 4 spell: Throw Icicle
  4877 | D:4      | Noticed Eustachio
  4883 | D:4      | Killed Eustachio
  4883 | D:4      | Reached skill level 6 in Ice Magic
  5279 | D:4      | Reached XP level 8. HP: 45/47 MP: 16/18
  5455 | D:5      | Entered Level 5 of the Dungeon
  5455 | D:5      | Noticed Edmund
  5472 | D:5      | Killed Edmund
  5472 | D:5      | Reached skill level 1 in Fighting
  5593 | D:5      | Found Shiyptet's Antique Weapon Boutique.
  5703 | D:5      | Reached skill level 7 in Ice Magic
  5834 | D:5      | Learned a level 4 spell: Summon Ice Beast
  5976 | D:5      | Acquired Vehumet's first power
  5976 | D:5      | Offered knowledge of Sandblast by Vehumet.
  6304 | D:5      | Noticed Grinder
  6368 | D:5      | Killed Grinder
  6599 | D:5      | Reached XP level 9. HP: 50/55 MP: 15/20
  6601 | D:5      | Gained mutation: You are dopey. (Int -2) [potion of mutation]
  6601 | D:5      | Gained mutation: Scrolls take you a little longer to read. [potion of mutation]
  6601 | D:5      | Gained mutation: You are weak. (Str -2) [potion of mutation]
  6604 | D:5      | Gained mutation: Space occasionally distorts in your vicinity. [potion of mutation]
  6604 | D:5      | Gained mutation: You are clumsy. (Dex -2) [potion of mutation]
  6741 | D:5      | Found a glowing golden altar of the Shining One.
  7130 | D:6      | Reached skill level 5 in Spellcasting
  7157 | D:6      | HP: 1/53 [killer bee zombie (2)]
  7542 | D:6      | Reached skill level 8 in Ice Magic
  8100 | D:6      | Offered knowledge of Magic Dart by Vehumet.
  9071 | D:7      | Noticed Prince Ribbit
  9087 | D:7      | Killed Prince Ribbit
  9087 | D:7      | Reached skill level 9 in Ice Magic
  9138 | D:7      | Reached XP level 10. HP: 53/60 MP: 20/23
  9163 | D:7      | Found Ejuut's Jewellery Emporium.
  9168 | D:7      | Bought an uncursed ring of poison resistance for 300 gold pieces
  9173 | D:7      | Found a bloodstained altar of Trog.
  9879 | D:8      | Offered knowledge of Conjure Flame by Vehumet.
 10263 | D:8      | Acquired Vehumet's second power
 10530 | D:8      | Reached skill level 5 in Fighting
 10611 | D:8      | Offered knowledge of Fulminant Prism by Vehumet.
 10638 | D:8      | Reached skill level 5 in Conjurations
 10668 | D:8      | Acquired Vehumet's third power
 10729 | D:8      | Offered knowledge of Lee's Rapid Deconstruction by Vehumet.
 10995 | D:9      | Noticed Blork the orc
 11007 | D:9      | Killed Blork the orc
 11086 | D:9      | Noticed Erolcha
 11118 | D:9      | Cast into the Abyss (Erolcha)
 11160 | Abyss:1  | Noticed a storm dragon skeleton
 11177 | Abyss:1  | Noticed a blizzard demon
 11199 | Abyss:2  | Found a corrupted altar of Lugonu.
 11238 | Abyss:2  | Noticed a shadow dragon skeleton
 11264 | Abyss:2  | Noticed a giant orange brain
 11283 | Abyss:2  | Noticed a large abomination
 11286 | Abyss:2  | Noticed a guardian serpent
 11338 | Abyss:2  | Noticed a large abomination
 11364 | Abyss:2  | Found a basalt altar of Yredelemnul.
 11398 | Abyss:2  | Noticed a giant orange brain
 11431 | Abyss:2  | Reached skill level 10 in Stealth
 11431 | Abyss:2  | Reached skill level 11 in Ice Magic
 11431 | Abyss:2  | Reached XP level 11. HP: 20/67 MP: 8/26
 11434 | Abyss:2  | Slain by a freezing wraith

Action                   |  1- 3 |  4- 6 |  7- 9 | 10-12 || total
-------------------------+-------+-------+-------+-------++-------
Melee: Unarmed           |    23 |    29 |       |       ||    52
       Spear             |       |    15 |   273 |   198 ||   486
       Scythe            |       |     3 |    10 |     2 ||    15
 Cast: Freeze            |    41 |    84 |    47 |    10 ||   182
       Throw Frost       |       |     9 |     4 |       ||    13
       Ozocubu's Armour  |       |    11 |    16 |     6 ||    33
       Condensation Shie |       |     1 |       |       ||     1
       Throw Icicle      |       |       |    37 |     6 ||    43
       Summon Ice Beast  |       |       |     9 |    27 ||    36
  Use: Scroll            |       |     4 |    10 |     4 ||    18
       Potion            |       |       |     7 |     5 ||    12
 Stab: Sleeping          |     2 |     3 |    17 |    12 ||    34
       Distracted        |       |       |     1 |     6 ||     7
  Eat: Chunk             |     1 |    10 |    13 |     9 ||    33
       Meat ration       |       |       |     2 |     1 ||     3
       Fruit             |       |       |     4 |       ||     4
       Beef jerky        |       |       |     1 |     1 ||     2
